AoeStats
← Kez

Arena

507269142Analyzed
1v1 RM · 15d ago on Sep 17, 2026· 38m 46s· 2 players
Game mode
Random Map
Map size
Tiny (2 player)
Population
200
Speed
Normal
Resources
Standard
Victory
Conquest
Starting age
Dark Age
Ending age
Imperial Age
RankedLock teamsTeams togetherTeam positionsShared explorationLock speedFull tech treeHidden civsTurbo modeCheats
Victory
Defeat
🇻🇳 Khmer · Vietnam
1317
+18
🇳🇱 Poles · Netherlands
1351
-18
Chungus
11:16 Feudal Age
14:54 Castle Age
13:02 Double-Bit Axe
13:29 Horse Collar
14:41 Bloodlines
15:40 Husbandry
15:12 Light Cavalry
20:50 Loom
24:09 Bow Saw
25:36 Heavy Plow
26:12 Wheelbarrow
25:22 Loom
27:31 Fletching
30:11 Imperial Age
27:22 Crossbowman
28:03 Padded Archer Armor
28:36 Bodkin Arrow
29:02 Ballistics
29:14 Scale Barding Armor
29:28 Hand Cart
28:58 Town Watch
30:19 Forging
30:48 Leather Archer Armor
31:53 Bracer
32:54 Chemistry
31:31 Arbalester
32:25 Hussar
34:02 Chain Barding Armor
34:28 Conscription
34:19 Scale Mail Armor
35:46 Plate Barding Armor
35:23 Pikeman
36:13 Halberdier
38:03 Iron Casting
37:44 Chain Mail Armor
37:38 Cavalier
Kez
10:29 Feudal Age
14:39 Castle Age
12:59 Double-Bit Axe
14:53 Light Cavalry
16:59 Horse Collar
17:42 Scale Barding Armor
23:49 Bow Saw
24:53 Heavy Plow
25:41 Wheelbarrow
27:10 Pikeman
28:56 Hand Cart
28:28 Town Watch
28:43 Loom
28:51 Gold Mining
28:58 Stone Mining
32:26 Imperial Age
30:17 Bloodlines
30:28 Husbandry
32:44 Chain Barding Armor
32:35 Forging
34:31 Masonry
33:55 Cavalier
37:46 Iron Casting
38:32 Stone Shaft Mining
38:08 Treadmill Crane
39:01 Crop Rotation
40:01 Blast Furnace
Connection lost

Rejoining the realm…

Still unreachable

The connection could not be restored.

Session expired

The server has moved on; the page needs a fresh start.